 Dungeon Crawl Stone Soup version 0.29.1-1-gd02db6906a (webtiles) character file.

Game seed: 17132309732363570534

4158 Iwiine the Cleaver (level 10, -7/83 HPs)
             Began as a Human Berserker on Oct 10, 2022.
             Was an Elder of Trog.
             Mangled by a spriggan
             ... wielding a +0 trident
              (13 damage)
             ... in a bailey.
             The game lasted 00:38:25 (10026 turns).

Iwiine the Cleaver (Human Berserker)               Turns: 10026, Time: 00:38:25

Health: -7/83      AC: 14    Str: 27    XL:     10   Next: 52%
Magic:  0/10       EV:  7    Int:  7    God:    Trog [****..]
Gold:   352        SH:  0    Dex: 14    Spells: 9/9 levels left

rFire   . . .      SeeInvis .   a - +1 hand axe (flame)
rCold   . . .      Faith    .   (no shield)
rNeg    . . .      Spirit   +   b - +1 plate armour
rPois   .          Reflect  .   u - +2 helmet
rElec   .          Harm     .   (no cloak)
rCorr   +          Rampage  .   (no gloves)
Will    .....                   (no boots)
Stlth   ..........              j - amulet of guardian spirit
HPRegen 0.23/turn               o - ring of resist corrosion
MPRegen 0.12/turn               q - +6 ring of strength

@: no status effects
A: no striking features
a: Renounce Religion, Berserk, Trog's Hand, Brothers in Arms


You were in a bailey.
You worshipped Trog.
Trog was greatly pleased with you.
You visited 1 branch of the dungeon, and saw 7 of its levels.
You also visited: Bailey.

You collected 396 gold pieces.
You spent 44 gold pieces at shops.

Inventory:

Hand Weapons
 a - a +1 hand axe of flaming (weapon)
Missiles
 r - 2 silver javelins (quivered)
Armour
 b - a +1 plate armour (worn)
 u - a +2 helmet (worn)
Jewellery
 j - an amulet of guardian spirit (around neck)
 o - a ring of resist corrosion (left hand)
 q - a +6 ring of strength (right hand)
 t - a ring of ice
Wands
 i - a wand of charming (7)
 y - a wand of iceblast (3)
Scrolls
 g - 2 scrolls of noise
 h - a scroll of blinking
 m - a scroll of poison
 n - 2 scrolls of identify
 v - 2 scrolls of immolation
Potions
 c - a potion of curing
 d - 2 potions of degeneration
 e - 2 potions of lignification
 k - 2 potions of haste
 l - a potion of resistance
 s - a potion of brilliance
 C - a potion of heal wounds


   Skills:
 + Level 9.0 Fighting
 * Level 12.3 Axes
 - Level 2.0 Armour
 - Level 2.0 Dodging


You had 9 spell levels left.
You didn't know any spells.
Your spell library was empty.

Dungeon Overview and Level Annotations

Branches:
Dungeon (7/15)             Temple (0/1) D:5          Bailey (1/1)

Altars:
Ashenzari
Cheibriados
Dithmenos
Gozag
Okawaru
Uskayaw

Shops:
D:5 *


Message History

The spriggan is heavily wounded.
The spriggan closely misses you.
You slash the spriggan! You burn the spriggan.
The spriggan is almost dead.
You closely miss the spriggan.
The spriggan is almost dead.
The spriggan hits you with a +0 spear.
* * * LOW HITPOINT WARNING * * *
You miss the spriggan.
The spriggan is almost dead.
The spriggan hits you but does no damage.
You miss the spriggan.
The spriggan is almost dead.
The spriggan hits you with a +0 spear.
* * * LOW HITPOINT WARNING * * *
You feel better. The spriggan hits you with a +0 spear.
* * * LOW HITPOINT WARNING * * *
You slash the spriggan! You burn the spriggan.
You kill the spriggan!
Trog accepts your kill.
A spriggan comes into view. It is wielding a +0 trident.
The spriggan shouts!
The spriggan hits you but does no damage.
The spriggan hits you from afar with a +0 trident!
* * * LOW HITPOINT WARNING * * *
The spriggan hits you but does no damage.
The spriggan closely misses you.
The spriggan hits you from afar with a +0 trident.
* * * LOW HITPOINT WARNING * * *
The spriggan hits you from afar with a +0 trident.
* * * LOW HITPOINT WARNING * * *
The spriggan hits you but does no damage.
The spriggan hits you from afar with a +0 trident.
* * * LOW HITPOINT WARNING * * *
The spriggan hits you but does no damage.
The spriggan hits you from afar with a +0 trident.
* * * LOW HITPOINT WARNING * * *
The spriggan completely misses you.
The spriggan hits you from afar with a +0 trident!
You die...

♣..~~~..∩...#
#..~~~......#
#..)~~......#
#..~~~......#
#.)~~~..∩...#
♣#).###)....##
#).## #.i...#
#).## ##...##
#..## ##@##
...# ### ....#
####


You could see a spriggan.

Vanquished Creatures
  A two-headed ogre (Bailey)
  Prince Ribbit (D:6)
  Sigmund (D:4)
  3 spriggans (Bailey)
  A wyvern (D:7)
  Eustachio (D:6)
  Menkaure (D:6)
  A water moccasin (D:7)
  2 black bears (D:6)
  5 ogres
  The ghost of po7itron the Slasher, an amateur MfGl (D:3)
  A phantom (D:5)
  A gnoll sergeant (D:6)
  4 scorpions
  2 bullfrogs
  A bullfrog zombie (D:5)
  2 centaur zombies (D:5)
  2 orc priests
  8 hounds
  A jelly (D:7)
  2 gnoll boudas
  5 iguanas
  An orc wizard (D:7)
  A howler monkey zombie (D:5)
  23 gnolls
  4 adders
  A shadow imp (D:5)
  4 white imps
  2 worms (D:4)
  The ghost of testjoe123 the Sneak, a weakling OpDe (D:5)
  4 dart slugs
  12 orcs
  7 endoplasms
  5 giant cockroaches
  9 goblins
  7 hobgoblins
  9 jackals
  14 kobolds
  8 quokkas
  8 ball pythons
  4 bats
  3 frilled lizards
  10 rats
184 creatures vanquished.

Vanquished Creatures (others)
  6 plants (D:1)
6 creatures vanquished.

Grand Total: 190 creatures vanquished

Notes
Turn   | Place    | Note
-------+----------+-------------------------------------------
     0 | D:1      | Iwiine the Human Berserker began the quest for the Orb.
     0 | D:1      | Reached XP level 1. HP: 18/18 MP: 1/1
   127 | D:1      | Reached XP level 2. HP: 9/24 MP: 2/2
   848 | D:1      | Reached XP level 3. HP: 26/29 MP: 3/3
   899 | D:1      | Found a faded altar of an unknown god.
  1316 | D:1      | Reached skill level 4 in Axes
  1819 | D:2      | Reached ** piety under Trog
  1836 | D:2      | Reached XP level 4. HP: 29/36 MP: 4/4
  2306 | D:2      | Reached XP level 5. HP: 30/42 MP: 0/5
  2669 | D:2      | Identified the +0 ring mail "Evvi" {Dex+4 Stlth+}
  2981 | D:2      | Found a shadowy altar of Dithmenos.
  3558 | D:3      | Found a large runed translucent door.
  3558 | D:3      | Found a large runed translucent door.
  3560 | D:3      | Noticed po7itron's ghost (amateur MfGl)
  3877 | D:3      | Reached skill level 5 in Axes
  4458 | D:4      | Reached *** piety under Trog
  4601 | D:4      | Reached XP level 6. HP: 48/48 MP: 6/6
  4950 | D:4      | Found a snail-covered altar of Cheibriados.
  4950 | D:4      | Found a shadowy altar of Dithmenos.
  5280 | D:4      | Reached skill level 6 in Axes
  5454 | D:4      | Noticed Sigmund
  5455 | D:4      | Reached XP level 7. HP: 55/55 MP: 7/7
  5483 | D:4      | Killed Sigmund
  5484 | D:4      | Reached skill level 5 in Fighting
  5484 | D:4      | Reached skill level 7 in Axes
  6052 | D:3      | Killed po7itron's ghost
  6108 | D:5      | Entered Level 5 of the Dungeon
  6118 | D:5      | Reached XP level 8. HP: 63/63 MP: 4/8
  6120 | D:5      | Found a runed translucent gate.
  6120 | D:5      | Found a runed translucent gate.
  6120 | D:5      | Found a runed translucent gate.
  6246 | D:5      | Reached skill level 8 in Axes
  6421 | D:5      | Noticed testjoe123's ghost (weakling OpDe)
  6444 | D:5      | Identified the +9 sling of Xaisozi {flame, Will+ Dex+4}
  6469 | D:5      | Found an opulent altar of Gozag.
  6477 | D:5      | Reached **** piety under Trog
  6624 | D:5      | Found Nexoryapic's Fire Supplies.
  6650 | D:5      | Bought a scroll of immolation for 44 gold pieces
  6661 | D:5      | Found a staircase to the Ecumenical Temple.
  7356 | D:5      | Killed testjoe123's ghost
  7684 | D:6      | Noticed Menkaure
  7696 | D:6      | Killed Menkaure
  7697 | D:6      | Reached skill level 9 in Axes
  7697 | D:6      | Reached XP level 9. HP: 61/71 MP: 7/9
  7711 | D:6      | Noticed Eustachio
  7735 | D:6      | Killed Eustachio
  7916 | D:6      | Found an iron altar of Okawaru.
  7932 | D:6      | Reached skill level 10 in Axes
  8120 | D:6      | Found a broken altar of Ashenzari.
  8217 | D:6      | Found a hide-covered altar of Uskayaw.
  8310 | D:6      | Noticed Prince Ribbit
  8352 | D:6      | Killed Prince Ribbit
  9057 | D:7      | Reached skill level 11 in Axes
  9289 | D:7      | Reached XP level 10. HP: 62/80 MP: 10/10
  9554 | D:7      | Found a flagged portal.
  9569 | Bailey   | Entered a bailey
  9867 | Bailey   | Noticed a two-headed ogre
  9877 | Bailey   | Killed a two-headed ogre
  9878 | Bailey   | Reached skill level 12 in Axes
  9974 | Bailey   | HP: 1/83 [spriggan/+0 spear (4)]
 10026 | Bailey   | Mangled by a spriggan

Illustrated notes

Levels and vault maps discovered:
D:1:      tarquinn_simple_flora_water_b, layout_loops_ring,
          chequers_ecumenical_altar_island, serial_park_tiny_pond, minivault_11,
          chequers_arboretum, lexackson_kobold_supper
D:2:      layout_basic, basic_altar
D:3:      minmay_recursive_quarters, layout_basic, ebering_ghost_disaster_area,
          minmay_misc_feat_enclosed
D:4:      layout_loops_corners, jmf_multi_god_temple, uniq_sigmund
D:5:      layout_basic, nicolae_gozag_seed_capital,
          minmay_temple_entry_drinking_statues, gammafunk_ghost_necromancy,
          nicolae_shop_fire_sale [nicolae_sub_dead_trees]
D:6:      layout_cave_pools, mainiacjoe_overflow_catwalk_spiral,
          mainiacjoe_overflow_surrounded_room, corexii_checkpoint_a,
          uniq_menkaure, uniq_prince_ribbit1, uniq_eustachio
D:7:      layout_basic, enter_bailey_3
Bailey:   bailey_polearm_enchanted_keep_hellmonk, bailey

Skill      XL: |  1  2  3  4  5  6  7  8  9 10 |
---------------+-------------------------------+-----
Axes           | 4 5 6 7 9 11 12 | 12.3
Fighting       | 4 5 6 8 9 |  9.0
Armour         | |  2.0
Dodging        | |  2.0

Action                   |  1- 3 |  4- 6 |  7- 9 | 10-12 || total
-------------------------+-------+-------+-------+-------++-------
Melee: Hand axe          |   108 |   197 |   318 |    62 ||   685
       Punch             |     1 |     3 |     6 |     1 ||    11
Throw: Javelin           |       |     4 |     5 |       ||     9
Invok: Berserk           |     1 |     1 |     3 |     1 ||     6
Evoke: Wand              |       |       |       |     4 ||     4
  Use: Scroll            |       |    11 |     6 |       ||    17
       Potion            |       |       |    12 |     2 ||    14
 Stab: Sleeping          |       |     1 |       |       ||     1
Armor: Animal skin       |     7 |       |       |       ||     7
       Ring mail         |    35 |    48 |       |       ||    83
       Chain mail        |       |    30 |       |       ||    30
       Plate armour      |       |    18 |   193 |    36 ||   247
Dodge: Dodged            |    81 |   107 |   112 |    25 ||   325
